 Dungeon Crawl Stone Soup version 0.23-a0-299-g9a66eeb (console) character file.

11431 nht the Carver (level 11, -1/130 HPs)
             Began as a Demonspawn Berserker on Oct 6, 2018.
             Was a High Priest of Trog.
             Slain by a red ugly thing (6 damage)
             ... on level 11 of the Dungeon.
             The game lasted 00:15:53 (7773 turns).

nht the Carver (Demonspawn Berserker)               Turns: 7773, Time: 00:16:06

Health: -1/130     AC: 10    Str: 25    XL:     11   Next: 49%
Magic:  20/20      EV: 11    Int: 14    God:    Trog [*****.]
Gold:   198        SH:  5    Dex: 17    Spells: 10/10 levels left

rFire    + . .     SeeInvis +   H - +1 scimitar (elec)
rCold    . . .     Gourm    .   x - +0 buckler
rNeg     . . .     Faith    +   G - +1 scale mail "Pasauts" {+Blink Int+4 Dex+2} (curse)
rPois    .         Spirit   .   j - +1 hat {SInv}
rElec    +         Reflect  .   (no cloak)
rCorr    .         Harm     .   d - +0 pair of gloves
MR       .....                  J - +0 pair of boots {Stlth+}
Stlth    ..........             B - amulet of faith
HPRegen  0.31/turn              P - ring "Wosoc" {rElec MP+9 Str+3}
MPRegen  0.17/turn              K - ring of protection from fire

@: berserking, very quick
A: hooves 1, powered by death 1, rot immunity
a: Berserk, Trog's Hand, Brothers in Arms, Renounce Religion, Evoke Blink


You were on level 11 of the Dungeon.
You worshipped Trog.
Trog was extremely pleased with you.
You were very hungry.

You visited 1 branch of the dungeon, and saw 11 of its levels.

You collected 624 gold pieces.
You spent 426 gold pieces at shops.

Inventory:

Hand Weapons
 o - a +0 vampiric short sword
 H - a +1 scimitar of electrocution (weapon)
Missiles
 b - 15 javelins
 e - 60 poisoned needles
 g - 6 tomahawks (quivered)
 O - 4 silver tomahawks
Armour
 d - a +0 pair of gloves (worn)
 j - a +1 hat of see invisible (worn)
 x - a +0 buckler (worn)
 G - the cursed +1 scale mail "Pasauts" (worn) {+Blink Int+4 Dex+2}
   (You bought it in a shop on level 7 of the Dungeon)

   It affects your intelligence (+4).
   It affects your dexterity (+2).
   It lets you blink.
   It has a curse placed upon it.
 I - a +4 ring mail of cold resistance
 J - a +0 pair of boots of stealth (worn)
 M - a +3 ring mail of fire resistance
Jewellery
 m - an uncursed ring of positive energy
 s - an uncursed ring of ice
 B - an amulet of faith (around neck)
 K - a ring of protection from fire (right hand)
 P - the ring "Wosoc" (left hand) {rElec MP+9 Str+3}
   (You found it on level 10 of the Dungeon)

   [ring of magical power]

   It affects your strength (+3).
   It insulates you from electricity.
   It affects your magic capacity (+9).
Wands
 p - a wand of flame (19)
 r - a wand of polymorph (13)
 S - a wand of enslavement (17)
Scrolls
 a - a scroll of fog
 i - 5 scrolls of remove curse
 n - a scroll of enchant weapon
 t - 6 scrolls of teleportation
 z - a scroll of enchant armour
 L - 3 scrolls of magic mapping
 Q - a scroll of blinking
Potions
 f - 2 potions of heal wounds
 h - 3 potions of curing
 q - 4 potions of flight
 u - 2 potions of resistance
 v - 2 potions of agility
 w - a potion of magic
 C - 2 potions of brilliance
 D - a potion of cancellation
 E - a potion of might
 F - a potion of berserk rage
 N - a potion of lignification
Miscellaneous
 A - a sack of spiders
Comestibles
 c - 20 rations
 l - 19 chunks of flesh


   Skills:
 + Level 8.9 Fighting
 - Level 4.3(9.9) Short Blades
 * Level 13.4(13.7) Long Blades
 - Level 2.4 Armour
 - Level 1.7 Dodging
 - Level 4.0 Shields


You had 10 spell levels left.
You didn't know any spells.
Your spell library was empty.

Dungeon Overview and Level Annotations

Branches:
Dungeon (11/15)            Temple (0/1) D:4
   Lair: D:8-11         Orc: D:9-12

Altars:
Ashenzari
Elyvilon
Fedhas
Gozag
Hepliaklqana
Kikubaaqudgha
Makhleb
Nemelex Xobeh
Qazlal
Ru
Trog
Wu Jian
Yredelemnul
Zin

Shops:
D:7 [   D:8 [

Annotations:
D:7 3 runed doors, Qupu's ghost, novice MfSk


Innate Abilities, Weirdness & Mutations

You have large cloven feet.
You regenerate a little health from kills.
You are immune to rotting.


Message History

The crocodile misses you.
You barely miss the red ugly thing.
The red ugly thing is severely wounded.
You block the red ugly thing's attack. The crocodile barely misses you.
Your scale mail "Pasauts" prevents you from hitting the red ugly thing.
The red ugly thing is severely wounded.
The red ugly thing punches you.
* * * LOW HITPOINT WARNING * * *
You are engulfed in flames!
You resist.
* * * LOW HITPOINT WARNING * * *
You closely miss the red ugly thing.
The red ugly thing is severely wounded.
You block the crocodile's attack.
A red film seems to cover your vision as you go berserk!
You feel yourself moving faster!
You feel mighty!
You are feeling very hungry.
The red ugly thing punches you!
* * * LOW HITPOINT WARNING * * *
You are engulfed in flames.
You resist.
You die... ..o.. █████ ........!. ... ...P.... .(P.P....P† ...
P?...█████ █.██......... █..$......... ███████

█...u.......
.......█ █!..@t█
.......█ █.....█
.......█ █.....█
.......█ █ █.....█
.......██.█ █.....█
..........█ █.....█
.......██ █.....█
........█ █..>..+
████....█████.....█


You could see a red ugly thing and a crocodile.

Vanquished Creatures
  Erica (D:10)
  A manticore (D:11)
  A troll (D:7)
  A hornet (D:9)
  4 hippogriffs
  A spriggan (D:8)
  A wyvern (D:10)
  2 hungry ghosts
  3 black bears
  3 ice beasts
  3 sky beasts
  Duvessa (D:7)
  3 orc warriors
  6 ogres
  4 centaurs
  2 necrophages (D:9)
  2 big kobolds
  10 bullfrogs
  Dowan (D:7)
  10 killer bees
  8 scorpions
  2 howler monkeys (D:6)
  3 crimson imps
  A bullfrog zombie (D:11)
  A quasit (D:10)
  5 hounds
  3 jellies
  A gnoll shaman (D:4)
  5 orc priests
  17 orc wizards
  3 bullfrog skeletons
  Ijyb (D:3)
  Terence (D:2)
  6 iguanas
  9 worker ants
  4 hound skeletons
  A howler monkey zombie (D:6)
  Robin (D:2)
  A worker ant zombie (D:5)
  8 gnolls
  11 adders
  A shadow imp (D:5)
  2 oozes
  An adder zombie (D:7)
  4 worms
  2 dart slugs (D:2)
  7 leopard geckos
  46 orcs
  3 ball pythons (D:3)
  6 giant cockroaches
  16 goblins
  11 hobgoblins
  5 jackals
  6 quokkas
  7 bats
  3 frilled lizards
  16 kobolds
  3 quokka skeletons
  4 rats
295 creatures vanquished.

Vanquished Creatures (collateral kills)
  Gastronok (D:10)
  A death knight (D:11)
  Urug (D:10)
  2 phantasmal warriors (D:11)
  Psyche (D:10)
  2 hippogriffs (D:10)
  3 yaks (D:11)
  A wraith (D:11)
  A centaur (D:10)
  2 bullfrogs (D:11)
  2 adders (D:11)
  A howler monkey skeleton (D:11)
  3 orcs (D:11)
21 creatures vanquished.

Vanquished Creatures (others)
  12 fungi (D:11)
  2 plants (D:11)
14 creatures vanquished.

Grand Total: 330 creatures vanquished

Notes
Turn   | Place    | Note
-------+----------+-------------------------------------------
     0 | D:1      | nht the Demonspawn Berserker began the quest for the Orb.
     0 | D:1      | Reached XP level 1. HP: 18/18 MP: 1/1
   136 | D:1      | Gained mutation: You regenerate a little health from kills.
                  | [demonic ancestry]
   136 | D:1      | Reached XP level 2. HP: 6/24 MP: 2/2
   588 | D:2      | Reached XP level 3. HP: 29/29 MP: 3/3
   664 | D:2      | Reached ** piety under Trog
   694 | D:2      | Noticed Terence
   708 | D:2      | Killed Terence
   837 | D:2      | Reached XP level 4. HP: 35/35 MP: 4/4
  1099 | D:2      | Found a white marble altar of Elyvilon.
  1207 | D:2      | Noticed Robin
  1242 | D:2      | Killed Robin
  1416 | D:3      | Reached skill level 1 in Long Blades
  1480 | D:3      | Reached XP level 5. HP: 36/41 MP: 5/5
  1616 | D:3      | Reached skill level 2 in Long Blades
  1714 | D:3      | Noticed Ijyb
  1720 | D:3      | Killed Ijyb
  1720 | D:3      | Reached skill level 3 in Long Blades
  1802 | D:3      | Found a stormy altar of Qazlal.
  1880 | D:3      | Reached *** piety under Trog
  2173 | D:4      | Reached XP level 6. HP: 45/47 MP: 6/6
  2262 | D:4      | Reached skill level 4 in Long Blades
  2354 | D:4      | Noticed a hippogriff
  2362 | D:4      | Killed a hippogriff
  2362 | D:4      | Reached skill level 5 in Long Blades
  2362 | D:4      | Reached XP level 7. HP: 52/52 MP: 7/7
  2811 | D:4      | Found a staircase to the Ecumenical Temple.
  2903 | D:5      | Entered Level 5 of the Dungeon
  2911 | D:5      | Reached skill level 6 in Long Blades
  2959 | D:5      | Found a bloodstained altar of Trog.
  3053 | D:5      | Reached skill level 7 in Long Blades
  3734 | D:6      | Reached **** piety under Trog
  3734 | D:6      | Reached XP level 8. HP: 58/58 MP: 8/8
  3738 | D:6      | Reached skill level 1 in Shields
  3895 | D:6      | Found an ornate altar of the Wu Jian Council.
  3978 | D:6      | Found a basalt altar of Yredelemnul.
  4021 | D:6      | Reached skill level 8 in Long Blades
  4313 | D:7      | Found a runed gate.
  4313 | D:7      | Found a runed gate.
  4313 | D:7      | Found an opulent altar of Gozag.
  4313 | D:7      | Found a runed gate.
  4313 | D:7      | Noticed Qupu's ghost (novice MfSk)
  4361 | D:7      | Reached skill level 9 in Long Blades
  4361 | D:7      | Reached XP level 9. HP: 64/64 MP: 9/9
  4448 | D:7      | Reached ***** piety under Trog
  4497 | D:7      | Noticed Dowan
  4500 | D:7      | Noticed Duvessa
  4510 | D:7      | Killed Duvessa
  4517 | D:7      | Killed Dowan
  4562 | D:7      | Noticed a troll
  4582 | D:7      | Killed a troll
  4582 | D:7      | Reached skill level 10 in Long Blades
  4682 | D:7      | Found Iklotethru's Antique Armour Shop.
  4691 | D:7      | Bought a smoking scale mail for 216 gold pieces
  4701 | D:7      | Identified the cursed +1 scale mail "Pasauts" {+Blink Int+4
                  | Dex+2} (You bought it in a shop on level 7 of the Dungeon)
  4883 | D:7      | Found a glowing silver altar of Zin.
  5249 | D:8      | Reached skill level 5 in Fighting
  5394 | D:8      | Found an ancient bone altar of Kikubaaqudgha.
  5398 | D:8      | Found a sacrificial altar of Ru.
  5398 | D:8      | Found a shattered altar of Ashenzari.
  5409 | D:8      | Found a sparkling altar of Nemelex Xobeh.
  5413 | D:8      | Found a blossoming altar of Fedhas.
  5623 | D:8      | Gained mutation: You are immune to rotting. [demonic
                  | ancestry]
  5623 | D:8      | Reached XP level 10. HP: 64/75 MP: 10/10
  5746 | D:8      | Received a gift from Trog
  5793 | D:8      | Found Iqyot's Antique Armour Boutique.
  5801 | D:8      | Bought a pair of glowing boots for 210 gold pieces
  5996 | D:9      | Reached skill level 11 in Long Blades
  6528 | D:9      | Found a hazy altar of Hepliaklqana.
  6670 | D:10     | Entered Level 10 of the Dungeon
  6686 | D:10     | Noticed Psyche
  6687 | D:10     | Noticed Gastronok
  6692 | D:10     | Killed Psyche
  6695 | D:10     | Reached skill level 12 in Long Blades
  6699 | D:10     | Killed Gastronok
  6706 | D:10     | Noticed Urug
  6713 | D:10     | Killed Urug
  6859 | D:10     | Gained mutation: You have large cloven feet. [demonic
                  | ancestry]
  6859 | D:10     | Reached XP level 11. HP: 42/86 MP: 11/11
  6930 | D:10     | Noticed Erica
  6950 | D:10     | Killed Erica
  7017 | D:10     | Received a gift from Trog
  7132 | D:10     | Got a bound golden ring
  7134 | D:10     | Identified the ring "Wosoc" {rElec MP+9 Str+3} (You found
                  | it on level 10 of the Dungeon)
  7228 | D:10     | Found a burning altar of Makhleb.
  7228 | D:10     | Noticed a green death
  7510 | D:11     | Reached skill level 13 in Long Blades
  7525 | D:11     | Noticed a phantasmal warrior
  7531 | D:11     | Noticed a phantasmal warrior
  7533 | D:11     | Killed a phantasmal warrior
  7534 | D:11     | Noticed a death knight
  7535 | D:11     | Killed a phantasmal warrior
  7547 | D:11     | Killed a death knight
  7561 | D:11     | Received a gift from Trog
  7754 | D:11     | Noticed a red ugly thing
  7773 | D:11     | HP: 5/130 [red ugly thing (13)]
  7773 | D:11     | Slain by a red ugly thing

Vault maps used:
D:1:      dpeg_arrival_central
D:2:      overflow_temple_1_default, uniq_terence, uniq_robin
D:3:      grunt_qazlal_sundering, uniq_ijyb
D:4:      temple_statues, first_ration
D:5:      nicolae_overflow_crystal_walls
D:6:      marbit_many_paths, kennysheep_mini_moat
D:7:      zin_treasury, ebering_ghost_gozag, serial_shops, nicolae_shop_trees,
          kennysheep_small_spiral, grunt_ministairs_1, uniq_duvessa
D:8:      minmay_overflow_temple_star_hex, serial_shops, nicolae_shop_stone,
          grunt_pizzeria, hangedman_abyss_or_decor_stagger
D:9:      lemuel_coloured_pillars_altar
D:10:     makhleb_altar_promises_db, uniq_erica, uniq_psyche, uniq_urug,
          uniq_gastronok
D:11:     grunt_lair_entry_orc_guard_hut

Skill      XL: |  1  2  3  4  5  6  7  8  9 10 11 |
---------------+----------------------------------+-----
Short Blades   | 3 4 |  4.3
Armour         | 2 |  2.4
Long Blades    | 1 3 5 7 9 10 12 13 | 13.4
Shields        | 3 4 |  4.0
Fighting       | 5 7 8 |  8.9
Dodging        | |  1.7

Action                   |  1- 3 |  4- 6 |  7- 9 | 10-12 || total
-------------------------+-------+-------+-------+-------++-------
Melee: Short sword       |    96 |    91 |       |       ||   187
       Falchion          |       |    78 |   357 |    28 ||   463
       Scimitar          |       |       |       |   283 ||   283
Invok: Berserk           |     9 |     5 |     5 |     4 ||    23
       Brothers in Arms  |       |       |       |     2 ||     2
       Trog's Hand       |       |       |       |     1 ||     1
Evoke: Wand              |       |       |     8 |     4 ||    12
  Use: Potion            |     3 |     1 |       |       ||     4
       Scroll            |     2 |     3 |    12 |     6 ||    23
  Eat: Chunk             |     6 |    11 |    16 |    15 ||    48
Armor: Chain mail        |    24 |   101 |   117 |       ||   242
       Animal skin       |     3 |       |       |       ||     3
       Scale mail        |       |       |    31 |    99 ||   130
Dodge: Dodged            |    32 |    64 |   117 |   120 ||   333
Block: Buckler           |       |       |    49 |    72 ||   121
       Rpst.: Falchion   |       |    10 |    32 |     4 ||    46
       Scimitar          |       |       |       |    35 ||    35

Table legend:
 A = Non-vault XP
 B = Vault XP
 C = Vault XP percentage of total XP
 D = Non-vault monster count
 E = Vault monster count
 F = Vault count percentage of total count
                 A         B        C        D         E       F
            +---------+---------+-------+---------+---------+-------
      Total |   12593 |    3737 |  22.9 |     292 |      24 |   7.6
            +---------+---------+-------+---------+---------+-------
        D:1 |      32 |       0 |   0.0 |      17 |       0 |   0.0
        D:2 |      56 |      71 |  55.9 |      18 |      12 |  40.0
        D:3 |     147 |      36 |  19.7 |      27 |       1 |   3.6
        D:4 |     616 |       0 |   0.0 |      22 |       0 |   0.0
        D:5 |     430 |       0 |   0.0 |      18 |       0 |   0.0
        D:6 |     617 |       0 |   0.0 |      15 |       0 |   0.0
        D:7 |    2157 |     313 |  12.7 |      40 |       4 |   9.1
        D:8 |    1043 |     224 |  17.7 |      30 |       1 |   3.2
        D:9 |    2487 |       0 |   0.0 |      42 |       0 |   0.0
       D:10 |    1913 |    2936 |  60.5 |      32 |       4 |  11.1
       D:11 |    3095 |     157 |   4.8 |      31 |       2 |   6.1
            +---------+---------+-------+---------+---------+-------
